 Dungeon Crawl Stone Soup version 0.29.1 (webtiles) character file.

Game seed: 12931199545901144398

154465 qw the Peltast (level 17, -4/163 HPs)
             Began as a Minotaur Berserker on Sept 13, 2022.
             Was a High Priest of Trog.
             Slain by a boulder beetle (10 damage)
             ... on level 2 of the Spider Nest.
             The game lasted 00:11:22 (32290 turns).

qw the Peltast (Minotaur Berserker)                Turns: 32290, Time: 00:11:22

Health: -4/163     AC: 40    Str: 34    XL:     17   Next: 6%
Magic:  8/17       EV:  5    Int:  3    God:    Trog [*****.]
Gold:   2065       SH:  0    Dex:  9    Spells: 16/16 levels left

rFire   . . .      SeeInvis +   f - +9 broad axe (protect)
rCold   + . .      Faith    .   o - +0 tower shield
rNeg    + + .      Spirit   .   h - +3 plate armour
rPois   +          Reflect  .   (helmet restricted)
rElec   .          Harm     .   v - +0 cloak of the Furrier {Will+ Slay+2}
rCorr   .          Rampage  .   e - +2 pair of gloves of Verdant Joy {rC+ rN++ SInv}
Will    ++...                   m - +2 pair of boots
Stlth   ..........              i - amulet of regeneration
HPRegen 1.17/turn               n - ring of poison resistance
MPRegen 0.15/turn               g - +4 ring of protection

@: about to teleport, under a protective aura, on berserk cooldown, held,
slowed, very slow
A: horns 2, retaliatory headbutt, high MP 1, strong 1, sturdy frame 1
a: Renounce Religion, Berserk, Trog's Hand, Brothers in Arms


You were on level 2 of the Spider Nest.
You worshipped Trog.
Trog was extremely pleased with you.
You visited 5 branches of the dungeon, and saw 28 of its levels.
You also visited: Ossuary.

You collected 2644 gold pieces.
You spent 579 gold pieces at shops.


Innate Abilities, Weirdness & Mutations

You have a pair of horns on your head.
You reflexively headbutt those who attack you in melee.
You have an increased reservoir of magic. (+10% MP)
Your muscles are strong. (Str +4, Int/Dex -1)
Your movements are slightly less encumbered by armour. (ER -2)


   Skills:
 - Level 18.0 Fighting
 - Level 18.0 Axes
 - Level 9.2 Throwing
 - Level 16.9 Armour
 - Level 6.2 Dodging
 + Level 18.6 Shields


You had 16 spell levels left.
You didn't know any spells.
Your spell library was empty.

Inventory:

Hand Weapons
 f - a +9 broad axe of protection (weapon)
 j - a +0 morningstar
Missiles
 b - 18 boomerangs
 t - 2 javelins (quivered)
Armour
 e - the +2 pair of gloves of Verdant Joy (worn) {rC+ rN++ SInv}
   (You acquired it on level 3 of the Lair of Beasts)

   rC:        It protects you from cold.
   rN:        It greatly protects you from negative energy.
   SInv:      It lets you see invisible.
 h - a +3 plate armour (worn)
 m - a +2 pair of boots (worn)
 o - a +0 tower shield (worn)
 q - a scarf of resistance
 v - the +0 cloak of the Furrier (worn) {Will+ Slay+2}
   (You found it on level 4 of the Lair of Beasts)

   Slay:      It affects your accuracy & damage with ranged weapons and melee
   (+2).
   Will:      It increases your willpower.
 y - a +2 plate armour of poison resistance
Jewellery
 g - a +4 ring of protection (right hand)
 i - an amulet of regeneration (around neck)
 n - a ring of poison resistance (left hand)
 u - a ring of protection from fire
 w - a +6 ring of strength
Scrolls
 a - 15 scrolls of identify
 c - 15 scrolls of teleportation
Potions
 d - 7 potions of heal wounds
 k - 18 potions of curing
 l - 8 potions of mutation
 p - 4 potions of haste
 r - 2 potions of cancellation
 s - 4 potions of might

Dungeon Overview and Level Annotations

Branches:
Dungeon (15/15)            Temple (0/1) D:7            Lair (5/5) D:11
 Shoals (3/4) Lair:2       Spider (3/4) Lair:2        Slime (0/5) Lair:4
    Orc (2/2) D:10            Elf (0/3) Orc:2        Vaults (0/5) D:13
 Depths (0/4) D:15        Ossuary (visited)

Altars:
Hepliaklqana
Okawaru
Jiyva

Shops:
Orc:2 *?[?   Shoals:3 :

Portals:
Trove: D:15 (give 5 scrolls of blinking)

Annotations:
D:1 2 transporters
D:4 1 runed translucent door, qw's ghost, weakling GrDe
D:8 2 runed translucent doors
D:10 3 runed translucent doors, Gautaugau's ghost, journeyman MiGl


Message History

You resist.
The wolf spider simulacrum bites you but does no damage.
You struggle to detach yourself from the web.
The jumping spider pounces on you but does no damage.
The jumping spider barely misses you.
The jumping spider pounces on you but does no damage.
The jumping spider barely misses you.
Your ogre completely misses the demonic crawler.
The jumping spider leaps!
The tarantella simulacrum hits you but does no damage.
The demonic crawler hits you but does no damage. x3
The jorogumo simulacrum hits you but does no damage.
The wolf spider simulacrum hits you. The wolf spider simulacrum freezes you!
You resist.
The wolf spider simulacrum bites you but does no damage.
The jumping spider pounces on you but does no damage.
The jumping spider barely misses you.
A torpor snail comes into view.
The jumping spider simulacrum pounces on you but does no damage.
The jumping spider simulacrum bites you but does no damage.
The jumping spider leaps!
The boulder beetle bites you.
Your ogre barely misses the demonic crawler.
The jorogumo simulacrum hits you. The jorogumo simulacrum freezes you!
You resist.
The demonic crawler hits you but does no damage. x3
The wolf spider simulacrum hits you. The wolf spider simulacrum freezes you.
You resist.
The wolf spider simulacrum bites you but does no damage.
The jumping spider pounces on you but does no damage.
The jumping spider bites you but does no damage.
32290 ||| READING 16 scrolls of teleportation.
As you read the scroll of teleportation, it crumbles to dust.
You feel strangely unstable.
The jumping spider simulacrum pounces on you but does no damage.
The jumping spider simulacrum bites you but does no damage.
The jumping spider pounces on you.
The jumping spider completely misses you.
The demonic crawler hits you but does no damage.
The demonic crawler barely misses you. x2; The boulder beetle bites you!
You die...

##..## ^.
.####....###.#
.^..........##
.....s.....#
..........##
#..Z......#
#.ZsZ.....##
#Z@0%.....###
......#
###Bss%>.......
......##
#w.O..%.....###
.......##
#..##........##
........####
##...........
..........
#####...0...
.......#
.....##
.......# ##...#
.....# ...#


You could see a boulder beetle (soul bound), a torpor snail, a demonic crawler
(ally target), 3 jumping spiders, a wolf spider simulacrum, a jumping spider
simulacrum, a tarantella simulacrum, a jorogumo simulacrum and a friendly ogre
(summoned, berserk, slow).

Vanquished Creatures
  Jorgrun (D:12)
  Rupert (D:15)
  Mlioglotl (Shoals:2)
  A kraken (Shoals:1)
  Kirke (D:12)
  Ilsuiw (Shoals:2)
  An emperor scorpion (Spider:1)
  An orc warlord (Orc:2)
  A ghost moth (Spider:3)
  A broodmother (Spider:2)
  An entropy weaver (Spider:2)
  2 spark wasps
  5 merfolk impalers
  An ettin (D:15)
  8 hydras
  A vault guard (D:13)
  5 boulder beetles
  2 jorogumos (Spider:2)
  4 radroaches
  A catoblepas (Lair:5)
  3 centaur warriors
  A death knight (D:15)
  4 two-headed ogres
  3 merfolk avatars
  4 satyrs
  A tengu warrior (D:15)
  10 death yaks
  Urug (Orc:1)
  2 shadow wraiths (D:13)
  3 sun moths
  A pharaoh ant (Spider:2)
  8 sea snakes
  2 steelbarb worms
  An orb spider (Spider:1)
  2 deep trolls (D:15)
  2 wizards (D:15)
  3 deep elf pyromancers
  4 harpies (Shoals:3)
  A lindwurm (Lair:5)
  8 ugly things
  8 wolf spiders
  8 orc sorcerers (Orc:2)
  A manticore (shapeshifter) (D:13)
  21 fauns
  A black mamba (Lair:4)
  4 cyclopes
  13 manticores
  10 merfolk sirens
  10 elephants
  6 water nymphs
  7 komodo dragons
  2 torpor snails
  A gargoyle (D:10)
  7 cane toads
  A kobold demonologist (D:12)
  2 unseen horrors (D:10)
  2 efreet
  5 rime drakes
  A freezing wraith (D:14)
  4 demonic crawlers (Spider:2)
  5 trolls
  A queen bee (Lair:1)
  12 merfolk
  Grinder (D:3)
  3 meliai (D:15)
  A hornet (D:13)
  5 polar bears (Lair:5)
  14 tarantellas
  3 wind drakes
  14 slime creatures
  4 snapping turtles
  29 blink frogs
  19 dream sheep
  7 jumping spiders
  9 culicivoras
  4 shadows
  A wraith (D:9)
  2 water elementals
  5 wyverns
  Eustachio (D:5)
  7 hogs (D:12)
  24 yaks
  3 basilisks
  34 redbacks
  10 wargs
  2 steam dragons
  7 vampire mosquitoes
  Menkaure (D:4)
  2 acid dragons
  13 water moccasins
  An ice beast (D:5)
  12 orc warriors
  6 ogres
  2 sky beasts
  3 black bears
  A centaur (D:12)
  5 kobold brigands
  11 bullfrogs
  2 gnoll sergeants
  3 necrophages
  A scorpion (D:5)
  7 wights
  29 killer bees
  6 howler monkeys
  2 electric eels
  A human zombie (Ossuary)
  2 centaur zombies (Ossuary)
  3 hounds
  A jelly (D:5)
  16 orc priests
  Ijyb (D:5)
  A gnoll bouda (D:7)
  2 iguanas
  Terence (D:2)
  Natasha (twice) (D:2)
  36 orc wizards
  5 mummies (Ossuary)
  9 adders
  13 gnolls
  A white imp (D:6)
  3 dart slugs
  92 orcs
  6 ball pythons
  5 bats
  6 endoplasms
  5 giant cockroaches
  A gnoll zombie (Ossuary)
  4 hobgoblins
  7 jackals (D:2)
  3 quokkas (D:4)
  3 frilled lizards
  8 goblins
  2 hobgoblin zombies (Ossuary)
  22 kobolds
  A kobold zombie (Ossuary)
  An orc zombie (Ossuary)
  9 rats
  4 tentacles (Shoals:1)
828 creatures vanquished.

Vanquished Creatures (collateral kills)
  2 hydras
  A centaur warrior (Shoals:2)
  A pharaoh ant (Spider:1)
  3 orb spiders (Spider:2)
  A deep elf pyromancer (D:15)
  An orc sorcerer (Orc:2)
  2 black mambas (Lair:4)
  2 merfolk sirens (Shoals:2)
  A komodo dragon (Lair:5)
  2 merfolk
  2 blink frogs (Lair:3)
  2 jumping spiders (Spider:2)
  An orc warrior (Orc:2)
  5 orc wizards (Orc:2)
  3 orcs (Orc:2)
29 creatures vanquished.

Vanquished Creatures (others)
  A tarantella (Spider:2)
  An orc priest (Orc:2)
  An orc (Orc:2)
  27 fungi
  53 plants
  3 tentacles (Shoals:1)
86 creatures vanquished.

Grand Total: 943 creatures vanquished

Notes
Turn   | Place    | Note
-------+----------+-------------------------------------------
     0 | D:1      | qw the Minotaur Berserker began the quest for the Orb.
     0 | D:1      | Reached XP level 1. HP: 19/19 MP: 0/0
     0 | D:1      | 0 ||| qw: Version: 0.1-a-119-g272c26d
     0 | D:1      | 0 ||| qw: Game counter: 11147
     0 | D:1      | 0 ||| qw: Always use a shield: true
     0 | D:1      | 0 ||| qw: Do Orc after D:15 true
     0 | D:1      | 0 ||| qw: Do second Lair branch before Depths: true
     0 | D:1      | 0 ||| qw: Lair rune preference: random
     0 | D:1      | 0 ||| qw: Plans: Normal
     0 | D:1      | 0 ||| PLANNING D:1-11
   154 | D:1      | Reached XP level 2. HP: 26/26 MP: 1/1
   228 | D:1      | 228 ||| Stepping ~*~*~tactically~*~*~ (stealth).
   250 | D:1      | 250 ||| Stepping ~*~*~tactically~*~*~ (stealth).
   259 | D:1      | 259 ||| Stepping ~*~*~tactically~*~*~ (stealth).
   260 | D:1      | 260 ||| Stepping ~*~*~tactically~*~*~ (stealth).
   313 | D:1      | 313 ||| Stepping ~*~*~tactically~*~*~ (stealth).
   320 | D:1      | 320 ||| Stepping ~*~*~tactically~*~*~ (stealth).
   323 | D:1      | 323 ||| Stepping ~*~*~tactically~*~*~ (stealth).
   425 | D:1      | 425 ||| DROPPING +0 club.
   758 | D:1      | Reached XP level 3. HP: 31/31 MP: 2/2
  1082 | D:1      | 1082 ||| UPGRADING to +0 leather armour.
  1092 | D:1      | 1092 ||| DROPPING +0 animal skin.
  1093 | D:1      | 1093 ||| UPGRADING to +0 chain mail.
  1103 | D:1      | 1103 ||| DROPPING +0 leather armour.
  1104 | D:1      | 1104 ||| READING 2 scrolls labelled EKIM TIUKELOMITE.
  1105 | D:1      | 1105 ||| READING scroll labelled SUSUYM WOT.
  1108 | D:1      | 1108 ||| DRINKING 2 fuming red potions.
  1109 | D:1      | 1109 ||| DRINKING 3 sedimented inky potions.
  1147 | D:2      | Noticed Terence
  1149 | D:2      | 1149 ||| INVOKING Berserk.
  1152 | D:2      | Killed Terence
  1167 | D:2      | 1167 ||| Stepping ~*~*~tactically~*~*~ (stealth).
  1254 | D:2      | Reached skill level 6 in Axes
  1254 | D:2      | Reached XP level 4. HP: 39/39 MP: 3/3
  1467 | D:2      | Reached ** piety under Trog
  1469 | D:2      | 1469 ||| Stepping ~*~*~tactically~*~*~ (stealth).
  1470 | D:2      | 1470 ||| Stepping ~*~*~tactically~*~*~ (stealth).
  1535 | D:2      | Found a faded altar of an unknown god.
  1811 | D:2      | Noticed Natasha
  1812 | D:2      | 1812 ||| Stepping ~*~*~tactically~*~*~ (hiding).
  1815 | D:2      | 1815 ||| INVOKING Berserk.
  1819 | D:2      | Killed Natasha
  1842 | D:2      | 1842 ||| Stepping ~*~*~tactically~*~*~ (stealth).
  1847 | D:2      | 1847 ||| Stepping ~*~*~tactically~*~*~ (stealth).
  1947 | D:2      | Noticed Natasha
  1950 | D:2      | 1950 ||| INVOKING Berserk.
  1954 | D:2      | Killed Natasha
  1955 | D:2      | Reached XP level 5. HP: 45/45 MP: 4/4
  2130 | D:2      | 2130 ||| UPGRADING to +0 cloak.
  2135 | D:2      | 2135 ||| UPGRADING to +4 ring of protection.
  2136 | D:2      | 2136 ||| READING scroll labelled KAYCOJ ZUCROIR.
  2137 | D:2      | 2137 ||| READING scroll labelled PUPUUTZ KARUOFUK.
  2138 | D:2      | 2138 ||| READING scroll labelled ONOIC EFIADGHI.
  2139 | D:2      | 2139 ||| DRINKING 2 coppery potions.
  2139 | D:2      | Gained mutation: You have hidden genetic potential. [potion
                  | of mutation]
  2139 | D:2      | Gained mutation: Your muscles are strong. (Str +4, Int/Dex
                  | -1) [potion of mutation]
  2160 | D:3      | Noticed Grinder
  2161 | D:3      | 2161 ||| INVOKING Trog's Hand.
  2163 | D:3      | 2163 ||| INVOKING Berserk.
  2177 | D:3      | 2177 ||| INVOKING Trog's Hand.
  2178 | D:3      | Killed Grinder
  2179 | D:3      | Reached skill level 6 in Fighting
  2179 | D:3      | Reached XP level 6. HP: 42/57 MP: 5/5
  2527 | D:3      | Noticed a water moccasin
  2542 | D:3      | Killed a water moccasin
  3331 | D:3      | 3331 ||| UPGRADING to ring of protection from cold.
  3332 | D:3      | 3332 ||| READING scroll labelled GYENLEOWNO.
  3333 | D:3      | 3333 ||| READING scroll labelled SUPOCR QU INUE.
  3418 | D:4      | Reached XP level 7. HP: 63/63 MP: 6/6
  3426 | D:4      | 3426 ||| Stepping ~*~*~tactically~*~*~ (stealth).
  3431 | D:4      | Noticed Menkaure
  3432 | D:4      | 3432 ||| Stepping ~*~*~tactically~*~*~ (hiding).
  3436 | D:4      | 3436 ||| Stepping ~*~*~tactically~*~*~ (hiding).
  3441 | D:4      | 3441 ||| INVOKING Berserk.
  3443 | D:4      | Killed Menkaure
  3451 | D:4      | Gained mutation: Your movements are slightly less
                  | encumbered by armour. (ER -2) [hidden potential]
  3555 | D:4      | 3555 ||| Stepping ~*~*~tactically~*~*~ (stealth).
  3719 | D:4      | Found a runed translucent door.
  3720 | D:4      | Noticed qw's ghost (weakling GrDe)
  3742 | D:4      | 3742 ||| INVOKING Berserk.
  3745 | D:4      | Reached skill level 9 in Axes
  3893 | D:4      | 3893 ||| DRINKING 3 dark potions.
  3894 | D:4      | 3894 ||| READING 4 scrolls of identify.
  3894 | D:4      | 3894 ||| IDENTIFYING clear potion
  3895 | D:4      | 3895 ||| READING 3 scrolls of identify.
  3895 | D:4      | 3895 ||| IDENTIFYING blue potion
  3896 | D:4      | 3896 ||| READING 2 scrolls of identify.
  3896 | D:4      | 3896 ||| IDENTIFYING red potion
  3897 | D:4      | 3897 ||| DROPPING potion of flight.
  3898 | D:4      | 3898 ||| DROPPING potion of attraction.
  3899 | D:4      | 3899 ||| DROPPING potion of degeneration.
  3910 | D:5      | Entered Level 5 of the Dungeon
  3935 | D:5      | Reached skill level 3 in Armour
  4077 | D:5      | 4077 ||| INVOKING Berserk.
  4083 | D:5      | Reached XP level 8. HP: 70/70 MP: 7/7
  4095 | D:5      | Gained mutation: You have an increased reservoir of magic.
                  | (+10% MP) [hidden potential]
  4095 | D:5      | Lost mutation: You have hidden genetic potential. [hidden
                  | potential expressed]
  4162 | D:5      | 4162 ||| INVOKING Berserk.
  4284 | D:5      | 4284 ||| SWAPPING to +0 war axe.
  4285 | D:5      | 4285 ||| DROPPING +1 hand axe.
  4289 | D:5      | Noticed Ijyb
  4290 | D:5      | 4290 ||| Stepping ~*~*~tactically~*~*~ (stealth).
  4291 | D:5      | 4291 ||| INVOKING Berserk.
  4295 | D:5      | Killed Ijyb
  4428 | D:5      | 4428 ||| Stepping ~*~*~tactically~*~*~ (hiding).
  4455 | D:5      | 4455 ||| Stepping ~*~*~tactically~*~*~ (hiding).
  4648 | D:5      | 4648 ||| INVOKING Berserk.
  4764 | D:5      | 4764 ||| INVOKING Berserk.
  5191 | D:5      | Noticed Eustachio
  5206 | D:5      | 5206 ||| INVOKING Berserk.
  5245 | D:5      | 5245 ||| FLEEEEING.
  5246 | D:5      | 5246 ||| FLEEEEING.
  5247 | D:5      | 5247 ||| FLEEEEING.
  5248 | D:5      | 5248 ||| FLEEEEING.
  5249 | D:5      | 5249 ||| FLEEEEING.
  5250 | D:5      | 5250 ||| FLEEEEING.
  5251 | D:5      | 5251 ||| FLEEEEING.
  5252 | D:5      | 5252 ||| FLEEEEING.
  5253 | D:5      | 5253 ||| FLEEEEING.
  5258 | D:5      | 5258 ||| FLEEEEING.
  5259 | D:5      | 5259 ||| FLEEEEING.
  5260 | D:5      | 5260 ||| FLEEEEING.
  5261 | D:5      | 5261 ||| FLEEEEING.
  5262 | D:5      | 5262 ||| STAIRDANCE
  5339 | D:4      | 5339 ||| UPGRADING to +1 pair of boots.
  5344 | D:4      | 5344 ||| READING 2 scrolls labelled MIMERE GEOLUO.
  5345 | D:4      | 5345 ||| READING scroll labelled VEOMIT HUJUOV.
  5346 | D:4      | 5346 ||| DROPPING scroll of noise.
  5350 | D:5      | 5350 ||| INVOKING Berserk.
  5352 | D:5      | Killed Eustachio
  5496 | D:6      | 5496 ||| PLANNING OSSUARY
  5513 | D:6      | Found a hazy altar of Hepliaklqana.
  5585 | D:6      | 5585 ||| Stepping ~*~*~tactically~*~*~ (stealth).
  5649 | D:6      | Reached skill level 1 in Throwing
  5659 | D:6      | Reached skill level 12 in Axes
  5695 | D:6      | 5695 ||| Stepping ~*~*~tactically~*~*~ (hiding).
  5696 | D:6      | 5696 ||| Stepping ~*~*~tactically~*~*~ (hiding).
  5707 | D:6      | 5707 ||| INVOKING Berserk.
  5724 | D:6      | Reached XP level 9. HP: 79/79 MP: 8/8
  5889 | D:6      | Found a sand-covered staircase.
  5890 | D:6      | 5890 ||| READING 2 scrolls of identify.
  5890 | D:6      | 5890 ||| IDENTIFYING bubbling white potion
  5891 | D:6      | 5891 ||| DROPPING potion of lignification.
  5897 | Ossuary  | Entered an ossuary
  6146 | Ossuary  | Reached *** piety under Trog
  6261 | Ossuary  | 6261 ||| DRINKING 2 fuming black potions.
  6262 | Ossuary  | 6262 ||| DRINKING 2 golden potions.
  6263 | Ossuary  | 6263 ||| READING 2 scrolls of identify.
  6263 | Ossuary  | 6263 ||| IDENTIFYING white potion
  6264 | Ossuary  | 6264 ||| DROPPING scroll of immolation.
  6265 | Ossuary  | 6265 ||| DROPPING potion of brilliance.
  6266 | Ossuary  | 6266 ||| DROPPING potion of magic.
  6267 | Ossuary  | 6267 ||| DROPPING potion of invisibility.
  6285 | D:6      | 6285 ||| PLANNING D:1-11
  6288 | D:6      | 6288 ||| READING scroll of enchant weapon.
  6288 | D:6      | 6288 ||| ENCHANTING +0 war axe.
  6292 | D:6      | 6292 ||| READING scroll of enchant armour.
  6292 | D:6      | 6292 ||| ENCHANTING +1 pair of boots.
  6385 | D:6      | 6385 ||| READING scroll labelled NEOTIX ZULUY.
  6580 | D:7      | 6580 ||| Stepping ~*~*~tactically~*~*~ (hiding).
  6582 | D:7      | 6582 ||| Stepping ~*~*~tactically~*~*~ (hiding).
  6584 | D:7      | 6584 ||| Stepping ~*~*~tactically~*~*~ (hiding).
  6585 | D:7      | 6585 ||| Stepping ~*~*~tactically~*~*~ (hiding).
  6586 | D:7      | 6586 ||| Stepping ~*~*~tactically~*~*~ (hiding).
  6593 | D:7      | 6593 ||| INVOKING Berserk.
  6679 | D:7      | 6679 ||| READING scroll of enchant weapon.
  6679 | D:7      | 6679 ||| ENCHANTING +1 war axe.
  6720 | D:7      | Found a staircase to the Ecumenical Temple.
  6740 | D:7      | 6740 ||| Stepping ~*~*~tactically~*~*~ (stealth).
  6742 | D:7      | 6742 ||| Stepping ~*~*~tactically~*~*~ (stealth).
  6956 | D:7      | 6956 ||| READING 2 scrolls of enchant armour.
  6956 | D:7      | 6956 ||| ENCHANTING +0 cloak.
  6957 | D:7      | 6957 ||| READING scroll of enchant armour.
  6957 | D:7      | 6957 ||| ENCHANTING +1 cloak.
  7205 | D:7      | 7205 ||| UPGRADING to +6 ring of strength.
  7207 | D:7      | 7207 ||| DROPPING ring of protection from cold.
  7225 | D:8      | 7225 ||| Stepping ~*~*~tactically~*~*~ (stealth).
  7226 | D:8      | 7226 ||| Stepping ~*~*~tactically~*~*~ (stealth).
  7228 | D:8      | 7228 ||| Stepping ~*~*~tactically~*~*~ (hiding).
  7230 | D:8      | 7230 ||| Stepping ~*~*~tactically~*~*~ (hiding).
  7242 | D:8      | 7242 ||| Stepping ~*~*~tactically~*~*~ (stealth).
  7246 | D:8      | 7246 ||| Stepping ~*~*~tactically~*~*~ (stealth).
  7250 | D:8      | 7250 ||| Stepping ~*~*~tactically~*~*~ (stealth).
  7252 | D:8      | 7252 ||| DROPPING +0 whip.
  7253 | D:8      | Noticed a manticore
  7256 | D:8      | 7256 ||| INVOKING Berserk.
  7264 | D:8      | Killed a manticore
  7371 | D:8      | 7371 ||| Stepping ~*~*~tactically~*~*~ (stealth).
  7484 | D:8      | 7484 ||| Stepping ~*~*~tactically~*~*~ (hiding).
  7485 | D:8      | 7485 ||| Stepping ~*~*~tactically~*~*~ (hiding).
  7487 | D:8      | 7487 ||| Stepping ~*~*~tactically~*~*~ (hiding).
  7488 | D:8      | 7488 ||| Stepping ~*~*~tactically~*~*~ (hiding).
  7515 | D:8      | 7515 ||| Stepping ~*~*~tactically~*~*~ (stealth).
  7517 | D:8      | Found a runed translucent door.
  7517 | D:8      | Found the +10 tower shield of Ignorance {rN+ Int-4}
  7518 | D:8      | 7518 ||| Stepping ~*~*~tactically~*~*~ (stealth).
  7521 | D:8      | 7521 ||| Stepping ~*~*~tactically~*~*~ (stealth).
  7524 | D:8      | 7524 ||| Stepping ~*~*~tactically~*~*~ (stealth).
  7535 | D:8      | 7535 ||| INVOKING Berserk.
  7538 | D:8      | Reached skill level 6 in Armour
  7563 | D:8      | Reached XP level 10. HP: 42/90 MP: 10/10
  7826 | D:8      | Noticed an orange crystal statue
  7828 | D:8      | Found a runed translucent door.
  8284 | D:8      | Reached **** piety under Trog
  8558 | D:8      | 8558 ||| READING scroll labelled ZIS GIKUYJ.
  8559 | D:8      | 8559 ||| READING scroll labelled GOKAFIN VEHUXT.
  8560 | D:8      | 8560 ||| READING 2 scrolls of identify.
  8560 | D:8      | 8560 ||| IDENTIFYING purple potion
  8592 | D:9      | 8592 ||| Stepping ~*~*~tactically~*~*~ (stealth).
  8642 | D:9      | Noticed a two-headed ogre
  8646 | D:9      | 8646 ||| Stepping ~*~*~tactically~*~*~ (stealth).
  8647 | D:9      | 8647 ||| INVOKING Berserk.
  8653 | D:9      | Killed a two-headed ogre
  8654 | D:9      | Reached skill level 15 in Axes
  8657 | D:9      | Reached skill level 9 in Fighting
  8886 | D:9      | Reached skill level 3 in Dodging
  8892 | D:9      | 8892 ||| FLEEEEING.
  8893 | D:9      | 8893 ||| FLEEEEING.
  8915 | D:9      | 8915 ||| FLEEEEING.
  8916 | D:9      | 8916 ||| FLEEEEING.
  8917 | D:9      | 8917 ||| FLEEEEING.
  8918 | D:9      | 8918 ||| FLEEEEING.
  8919 | D:9      | 8919 ||| FLEEEEING.
  8920 | D:9      | 8920 ||| FLEEEEING.
  8922 | D:9      | 8922 ||| FLEEEEING.
  8923 | D:9      | 8923 ||| FLEEEEING.
  8926 | D:9      | 8926 ||| Stepping ~*~*~tactically~*~*~ (hiding).
  8927 | D:9      | 8927 ||| Stepping ~*~*~tactically~*~*~ (hiding).
  8928 | D:9      | 8928 ||| Stepping ~*~*~tactically~*~*~ (hiding).
  8929 | D:9      | 8929 ||| Stepping ~*~*~tactically~*~*~ (hiding).
  8984 | D:9      | 8984 ||| DROPPING +0 flail.
  9054 | D:9      | 9054 ||| Stepping ~*~*~tactically~*~*~ (hiding).
  9089 | D:9      | 9089 ||| Stepping ~*~*~tactically~*~*~ (hiding).
  9241 | D:9      | 9241 ||| Stepping ~*~*~tactically~*~*~ (stealth).
  9259 | D:9      | 9259 ||| INVOKING Berserk.
  9309 | D:9      | 9309 ||| Stepping ~*~*~tactically~*~*~ (stealth).
  9703 | D:9      | 9703 ||| UPGRADING to +0 plate armour.
  9713 | D:9      | 9713 ||| DROPPING +0 chain mail.
  9714 | D:9      | 9714 ||| UPGRADING to +0 pair of gloves.
  9745 | D:10     | Entered Level 10 of the Dungeon
  9748 | D:10     | 9748 ||| STAIRDANCE
  9757 | D:10     | 9757 ||| STAIRDANCE
  9759 | D:9      | 9759 ||| INVOKING Berserk.
  9917 | D:10     | Reached XP level 11. HP: 97/97 MP: 11/11
  9960 | D:10     | Reached skill level 9 in Armour
 10050 | D:10     | 10050 ||| INVOKING Berserk.
 10244 | D:10     | 10244 ||| Stepping ~*~*~tactically~*~*~ (hiding).
 10245 | D:10     | 10245 ||| Stepping ~*~*~tactically~*~*~ (hiding).
 10246 | D:10     | 10246 ||| Stepping ~*~*~tactically~*~*~ (hiding).
 10449 | D:10     | 10449 ||| Stepping ~*~*~tactically~*~*~ (stealth).
 10574 | D:10     | Found a runed translucent gate.
 10574 | D:10     | Found a runed translucent gate.
 10574 | D:10     | Found a runed translucent gate.
 10576 | D:10     | Found a staircase to the Orcish Mines.
 10580 | D:10     | 10580 ||| INVOKING Berserk.
 10753 | D:10     | 10753 ||| READING scroll of enchant armour.
 10753 | D:10     | 10753 ||| ENCHANTING +0 pair of gloves.
 10881 | D:10     | Noticed Gautaugau's ghost (journeyman MiGl)
 11121 | D:10     | 11121 ||| READING scroll labelled BIANTELODY.
 11122 | D:10     | 11122 ||| READING 2 scrolls of identify.
 11122 | D:10     | 11122 ||| IDENTIFYING bubbling coppery potion
 11123 | D:10     | 11123 ||| READING 12 scrolls of teleportation.
 11173 | D:11     | Found an iron altar of Okawaru.
 11177 | D:11     | 11177 ||| Stepping ~*~*~tactically~*~*~ (hiding).
 11178 | D:11     | 11178 ||| Stepping ~*~*~tactically~*~*~ (hiding).
 11179 | D:11     | 11179 ||| Stepping ~*~*~tactically~*~*~ (stealth).
 11180 | D:11     | Noticed a boulder beetle
 11184 | D:11     | 11184 ||| INVOKING Berserk.
 11197 | D:11     | Reached ***** piety under Trog
 11197 | D:11     | Killed a boulder beetle
 11198 | D:11     | Noticed a red ugly thing
 11199 | D:11     | 11199 ||| FLEEEEING.
 11200 | D:11     | 11200 ||| FLEEEEING.
 11202 | D:11     | 11202 ||| FLEEEEING.
 11203 | D:11     | 11203 ||| FLEEEEING.
 11204 | D:11     | 11204 ||| FLEEEEING.
 11205 | D:11     | 11205 ||| STAIRDANCE
 11364 | D:11     | 11364 ||| INVOKING Berserk.
 11365 | D:11     | Killed a red ugly thing
 11366 | D:11     | Reached skill level 12 in Fighting
 11366 | D:11     | 11366 ||| STAIRDANCE
 11660 | D:11     | Noticed a two-headed ogre
 11663 | D:11     | 11663 ||| INVOKING Berserk.
 11667 | D:11     | Killed a two-headed ogre
 11819 | D:11     | Noticed a five-headed hydra
 11820 | D:11     | 11820 ||| INVOKING Brothers in Arms.
 11822 | D:11     | 11822 ||| SWAPPING to +0 morningstar.
 11823 | D:11     | 11823 ||| INVOKING Berserk.
 11825 | D:11     | Killed a five-headed hydra
 11830 | D:11     | 11830 ||| SWAPPING to +2 war axe of venom.
 11979 | D:11     | 11979 ||| Stepping ~*~*~tactically~*~*~ (stealth).
 11994 | D:11     | 11994 ||| READING scroll of enchant weapon.
 11994 | D:11     | 11994 ||| ENCHANTING +2 war axe of venom.
 12173 | D:11     | Noticed a two-headed ogre
 12174 | D:11     | 12174 ||| INVOKING Berserk.
 12177 | D:11     | Killed a two-headed ogre
 12338 | D:11     | 12338 ||| Stepping ~*~*~tactically~*~*~ (stealth).
 12346 | D:11     | 12346 ||| Stepping ~*~*~tactically~*~*~ (hiding).
 12347 | D:11     | 12347 ||| Stepping ~*~*~tactically~*~*~ (hiding).
 12365 | D:11     | Found a staircase to the Lair.
 12522 | D:11     | 12522 ||| PLANNING LAIR
 12522 | D:11     | 12522 ||| UPGRADING to amulet of regeneration.
 12527 | D:11     | 12527 ||| DROPPING amulet of guardian spirit.
 12571 | Lair:1   | Entered Level 1 of the Lair of Beasts
 12607 | Lair:1   | 12607 ||| Stepping ~*~*~tactically~*~*~ (stealth).
 12626 | Lair:1   | 12626 ||| Stepping ~*~*~tactically~*~*~ (stealth).
 12627 | Lair:1   | 12627 ||| Stepping ~*~*~tactically~*~*~ (stealth).
 12628 | Lair:1   | 12628 ||| Stepping ~*~*~tactically~*~*~ (stealth).
 12654 | Lair:1   | 12654 ||| Stepping ~*~*~tactically~*~*~ (stealth).
 12656 | Lair:1   | 12656 ||| Stepping ~*~*~tactically~*~*~ (stealth).
 12657 | Lair:1   | 12657 ||| INVOKING Berserk.
 12658 | Lair:1   | Noticed an eight-headed hydra
 12672 | Lair:1   | Reached XP level 12. HP: 113/113 MP: 12/12
 12673 | Lair:1   | Killed a 13-headed hydra
 12825 | Lair:1   | 12825 ||| Stepping ~*~*~tactically~*~*~ (stealth).
 12828 | Lair:1   | 12828 ||| Stepping ~*~*~tactically~*~*~ (stealth).
 12829 | Lair:1   | 12829 ||| INVOKING Berserk.
 12845 | Lair:1   | Reached skill level 12 in Armour
 12846 | Lair:1   | Noticed a four-headed hydra
 12854 | Lair:1   | Killed an eight-headed hydra
 12855 | Lair:1   | Reached skill level 3 in Throwing
 13284 | Lair:1   | 13284 ||| Stepping ~*~*~tactically~*~*~ (stealth).
 13319 | Lair:1   | 13319 ||| Stepping ~*~*~tactically~*~*~ (stealth).
 13326 | Lair:1   | 13326 ||| INVOKING Berserk.
 13666 | Lair:1   | 13666 ||| UPGRADING to scarf of resistance.
 13676 | Lair:1   | 13676 ||| DROPPING scarf of resistance.
 13677 | Lair:1   | 13677 ||| READING scroll labelled REDDUKHIGGOU.
 13678 | Lair:1   | 13678 ||| DROPPING potion of ambrosia.
 13711 | Lair:2   | Found a hole to the Spider Nest.
 13831 | Lair:2   | 13831 ||| Stepping ~*~*~tactically~*~*~ (stealth).
 13877 | Lair:2   | Found a staircase to the Shoals.
 13949 | Lair:2   | Reached skill level 15 in Fighting
 14120 | Lair:2   | 14120 ||| Stepping ~*~*~tactically~*~*~ (stealth).
 14359 | Lair:2   | 14359 ||| DROPPING scarf of harm.
 14377 | Lair:3   | Noticed a seven-headed hydra
 14378 | Lair:3   | 14378 ||| INVOKING Brothers in Arms.
 14380 | Lair:3   | 14380 ||| SWAPPING to +0 morningstar.
 14382 | Lair:3   | 14382 ||| INVOKING Berserk.
 14385 | Lair:3   | Killed a seven-headed hydra
 14402 | Lair:3   | 14402 ||| INVOKING Brothers in Arms.
 14403 | Lair:3   | 14403 ||| SWAPPING to +3 war axe of venom.
 14405 | Lair:3   | Reached skill level 6 in Throwing
 14462 | Lair:3   | 14462 ||| Stepping ~*~*~tactically~*~*~ (stealth).
 14464 | Lair:3   | 14464 ||| Stepping ~*~*~tactically~*~*~ (stealth).
 14467 | Lair:3   | 14467 ||| Stepping ~*~*~tactically~*~*~ (stealth).
 14492 | Lair:3   | Reached XP level 13. HP: 125/126 MP: 13/13
 14536 | Lair:3   | Received a gift from Trog
 14634 | Lair:3   | 14634 ||| Stepping ~*~*~tactically~*~*~ (stealth).
 14637 | Lair:3   | 14637 ||| INVOKING Berserk.
 14839 | Lair:3   | 14839 ||| INVOKING Berserk.
 15051 | Lair:3   | 15051 ||| Stepping ~*~*~tactically~*~*~ (hiding).
 15346 | Lair:3   | 15346 ||| Stepping ~*~*~tactically~*~*~ (stealth).
 15441 | Lair:3   | 15441 ||| Stepping ~*~*~tactically~*~*~ (stealth).
 15482 | Lair:3   | 15482 ||| DRINKING potion of cancellation.
 15578 | Lair:3   | 15578 ||| DROPPING amulet of faith.
 15579 | Lair:3   | 15579 ||| DROPPING ring of positive energy.
 15580 | Lair:3   | 15580 ||| READING scroll labelled AFYPSE QAKKEME.
 15580 | Lair:3   | Identified a scroll of acquirement
 15580 | Lair:3   | 15580 ||| ACQUIRING +2 pair of gloves of Verdant Joy {rC+
                  | rN++ SInv}
 15580 | Lair:3   | Acquired the +2 pair of gloves of Verdant Joy {rC+ rN++
                  | SInv}
 15582 | Lair:3   | 15582 ||| UPGRADING to +2 pair of gloves of Verdant Joy
                  | {rC+ rN++ SInv}.
 15592 | Lair:3   | 15592 ||| DROPPING +1 pair of gloves.
 15721 | Lair:4   | Identified the +0 cloak of the Furrier {Will+ Slay+2}
 15917 | Lair:4   | 15917 ||| INVOKING Brothers in Arms.
 15918 | Lair:4   | 15918 ||| SWAPPING to +0 morningstar.
 15919 | Lair:4   | 15919 ||| INVOKING Berserk.
 15960 | Lair:4   | 15960 ||| SWAPPING to +3 war axe of venom.
 16235 | Lair:4   | 16235 ||| INVOKING Berserk.
 16391 | Lair:4   | Found a viscous altar of Jiyva.
 16391 | Lair:4   | Found a staircase to the Slime Pits.
 16522 | Lair:4   | 16522 ||| Stepping ~*~*~tactically~*~*~ (stealth).
 16523 | Lair:4   | 16523 ||| Stepping ~*~*~tactically~*~*~ (stealth).
 16525 | Lair:4   | 16525 ||| INVOKING Berserk.
 17030 | Lair:4   | 17030 ||| DROPPING +2 cloak.
 17031 | Lair:4   | 17031 ||| UPGRADING to +0 cloak of the Furrier {Will+
                  | Slay+2}.
 17041 | Lair:4   | 17041 ||| UPGRADING to ring of poison resistance.
 17043 | Lair:4   | 17043 ||| UPGRADING to +4 ring of protection.
 17045 | Lair:4   | 17045 ||| READING scroll labelled YCUSTRU ESIC.
 17171 | Lair:5   | Entered Level 5 of the Lair of Beasts
 17173 | Lair:5   | 17173 ||| INVOKING Berserk.
 17187 | Lair:5   | 17187 ||| STAIRDANCE
 17368 | Lair:5   | 17368 ||| Stepping ~*~*~tactically~*~*~ (stealth).
 17373 | Lair:5   | 17373 ||| Stepping ~*~*~tactically~*~*~ (stealth).
 17383 | Lair:5   | 17383 ||| INVOKING Berserk.
 17542 | Lair:5   | 17542 ||| INVOKING Berserk.
 17613 | Lair:5   | 17613 ||| Stepping ~*~*~tactically~*~*~ (stealth).
 17622 | Lair:5   | 17622 ||| Stepping ~*~*~tactically~*~*~ (hiding).
 17639 | Lair:5   | Reached skill level 9 in Throwing
 17650 | Lair:5   | 17650 ||| Stepping ~*~*~tactically~*~*~ (stealth).
 17666 | Lair:5   | 17666 ||| INVOKING Berserk.
 17682 | Lair:5   | 17682 ||| INVOKING Trog's Hand.
 17684 | Lair:5   | 17684 ||| Stepping ~*~*~tactically~*~*~ (water).
 17691 | Lair:5   | HP: 20/128 [cane toad (16)]
 17692 | Lair:5   | 17692 ||| READING 12 scrolls of teleportation.
 17693 | Lair:5   | 17693 ||| DRINKING 4 potions of heal wounds.
 17735 | Lair:5   | 17735 ||| FLEEEEING.
 17736 | Lair:5   | 17736 ||| FLEEEEING.
 17739 | Lair:5   | 17739 ||| INVOKING Trog's Hand.
 17766 | Lair:5   | 17766 ||| DROPPING +1 war axe of pain.
 17795 | Lair:5   | 17795 ||| INVOKING Berserk.
 17895 | Lair:5   | 17895 ||| Stepping ~*~*~tactically~*~*~ (stealth).
 17916 | Lair:5   | 17916 ||| INVOKING Berserk.
 17920 | Lair:5   | Reached skill level 15 in Armour
 18070 | Lair:5   | 18070 ||| Stepping ~*~*~tactically~*~*~ (stealth).
 18072 | Lair:5   | 18072 ||| INVOKING Brothers in Arms.
 18074 | Lair:5   | 18074 ||| SWAPPING to +0 morningstar.
 18075 | Lair:5   | 18075 ||| INVOKING Berserk.
 18081 | Lair:5   | 18081 ||| SWAPPING to +3 war axe of venom.
 18242 | Lair:5   | 18242 ||| Stepping ~*~*~tactically~*~*~ (stealth).
 18253 | Lair:5   | 18253 ||| INVOKING Berserk.
 18257 | Lair:5   | Reached XP level 14. HP: 137/137 MP: 14/14
 18261 | Lair:5   | Reached skill level 6 in Dodging
 18387 | Lair:5   | 18387 ||| Stepping ~*~*~tactically~*~*~ (stealth).
 18392 | Lair:5   | 18392 ||| Stepping ~*~*~tactically~*~*~ (stealth).
 18393 | Lair:5   | 18393 ||| Stepping ~*~*~tactically~*~*~ (stealth).
 18425 | Lair:5   | 18425 ||| Stepping ~*~*~tactically~*~*~ (stealth).
 18675 | Lair:5   | 18675 ||| Stepping ~*~*~tactically~*~*~ (stealth).
 18676 | Lair:5   | 18676 ||| Stepping ~*~*~tactically~*~*~ (stealth).
 19111 | Lair:5   | 19111 ||| PLANNING D
 19242 | D:12     | 19242 ||| Stepping ~*~*~tactically~*~*~ (stealth).
 19243 | D:12     | 19243 ||| Stepping ~*~*~tactically~*~*~ (stealth).
 19245 | D:12     | 19245 ||| Stepping ~*~*~tactically~*~*~ (stealth).
 19323 | D:12     | Noticed Jorgrun
 19324 | D:12     | 19324 ||| INVOKING Berserk.
 19331 | D:12     | Killed Jorgrun
 19477 | D:12     | Noticed Kirke
 19478 | D:12     | 19478 ||| INVOKING Trog's Hand.
 19485 | D:12     | 19485 ||| INVOKING Berserk.
 19495 | D:12     | Killed Kirke
 19578 | D:12     | 19578 ||| Stepping ~*~*~tactically~*~*~ (stealth).
 19693 | D:12     | 19693 ||| Stepping ~*~*~tactically~*~*~ (hiding).
 19837 | D:12     | 19837 ||| Stepping ~*~*~tactically~*~*~ (hiding).
 19838 | D:12     | 19838 ||| Stepping ~*~*~tactically~*~*~ (hiding).
 19854 | D:12     | 19854 ||| READING scroll of enchant armour.
 19854 | D:12     | 19854 ||| ENCHANTING +0 plate armour.
 20046 | D:12     | 20046 ||| Stepping ~*~*~tactically~*~*~ (stealth).
 20048 | D:12     | 20048 ||| Stepping ~*~*~tactically~*~*~ (stealth).
 20050 | D:12     | 20050 ||| Stepping ~*~*~tactically~*~*~ (stealth).
 20051 | D:12     | 20051 ||| Stepping ~*~*~tactically~*~*~ (stealth).
 20053 | D:12     | 20053 ||| INVOKING Berserk.
 20536 | D:12     | Found a hazy altar of Hepliaklqana.
 20592 | D:12     | 20592 ||| DROPPING scarf of invisibility.
 20593 | D:12     | 20593 ||| DROPPING amulet of magic regeneration.
 20933 | D:13     | 20933 ||| INVOKING Berserk.
 21047 | D:13     | 21047 ||| INVOKING Brothers in Arms.
 21049 | D:13     | 21049 ||| SWAPPING to +0 morningstar.
 21051 | D:13     | 21051 ||| INVOKING Berserk.
 21054 | D:13     | Reached skill level 18 in Fighting
 21061 | D:13     | 21061 ||| SWAPPING to +3 war axe of venom.
 21425 | D:13     | 21425 ||| Stepping ~*~*~tactically~*~*~ (stealth).
 21433 | D:13     | 21433 ||| Stepping ~*~*~tactically~*~*~ (stealth).
 21466 | D:13     | Found the +5 robe of Night {Dark Will+ SInv}
 21655 | D:13     | 21655 ||| Stepping ~*~*~tactically~*~*~ (hiding).
 21712 | D:13     | 21712 ||| SWAPPING to +3 broad axe.
 21713 | D:13     | 21713 ||| DROPPING +3 war axe of venom.
 21717 | D:13     | 21717 ||| READING 2 scrolls of enchant armour.
 21717 | D:13     | 21717 ||| ENCHANTING +1 plate armour.
 21718 | D:13     | 21718 ||| READING scroll of enchant armour.
 21718 | D:13     | 21718 ||| ENCHANTING +2 plate armour.
 21734 | D:13     | Found a gate to the Vaults.
 21769 | D:13     | 21769 ||| UPGRADING to +0 tower shield.
 21844 | D:14     | Reached skill level 1 in Shields
 21969 | D:14     | 21969 ||| FLEEEEING.
 21970 | D:14     | 21970 ||| FLEEEEING.
 21971 | D:14     | 21971 ||| FLEEEEING.
 21972 | D:14     | 21972 ||| FLEEEEING.
 21973 | D:14     | 21973 ||| FLEEEEING.
 21974 | D:14     | 21974 ||| FLEEEEING.
 21975 | D:14     | 21975 ||| FLEEEEING.
 21978 | D:14     | 21978 ||| FLEEEEING.
 21980 | D:14     | 21980 ||| FLEEEEING.
 21981 | D:14     | 21981 ||| FLEEEEING.
 21982 | D:14     | 21982 ||| FLEEEEING.
 21984 | D:14     | 21984 ||| STAIRDANCE
 22074 | D:14     | 22074 ||| READING scroll of enchant weapon.
 22074 | D:14     | 22074 ||| ENCHANTING +3 broad axe.
 22204 | D:14     | 22204 ||| Stepping ~*~*~tactically~*~*~ (stealth).
 22216 | D:14     | Reached skill level 3 in Shields
 22319 | D:14     | 22319 ||| INVOKING Berserk.
 22481 | D:14     | 22481 ||| READING scroll of enchant weapon.
 22481 | D:14     | 22481 ||| ENCHANTING +4 broad axe.
 22712 | D:15     | Entered Level 15 of the Dungeon
 22713 | D:15     | 22713 ||| INVOKING Brothers in Arms.
 22714 | D:15     | 22714 ||| INVOKING Brothers in Arms.
 22715 | D:15     | 22715 ||| SWAPPING to +0 morningstar.
 22717 | D:15     | 22717 ||| INVOKING Berserk.
 22723 | D:15     | 22723 ||| SWAPPING to +5 broad axe.
 22889 | D:15     | 22889 ||| Stepping ~*~*~tactically~*~*~ (hiding).
 22891 | D:15     | 22891 ||| Stepping ~*~*~tactically~*~*~ (hiding).
 22972 | D:15     | 22972 ||| Stepping ~*~*~tactically~*~*~ (stealth).
 22975 | D:15     | 22975 ||| INVOKING Trog's Hand.
 22976 | D:15     | 22976 ||| INVOKING Berserk.
 22979 | D:15     | Reached XP level 15. HP: 149/149 MP: 15/15
 22992 | D:15     | Reached skill level 6 in Shields
 22992 | D:15     | 22992 ||| INVOKING Trog's Hand.
 23030 | D:15     | 23030 ||| INVOKING Trog's Hand.
 23033 | D:15     | 23033 ||| FLEEEEING.
 23034 | D:15     | 23034 ||| FLEEEEING.
 23035 | D:15     | 23035 ||| FLEEEEING.
 23036 | D:15     | 23036 ||| FLEEEEING.
 23037 | D:15     | 23037 ||| FLEEEEING.
 23037 | D:15     | Noticed Rupert
 23038 | D:15     | 23038 ||| FLEEEEING.
 23039 | D:15     | 23039 ||| FLEEEEING.
 23040 | D:15     | 23040 ||| FLEEEEING.
 23046 | D:15     | 23046 ||| INVOKING Berserk.
 23051 | D:15     | Killed Rupert
 23175 | D:15     | Found a staircase to the Depths.
 23373 | D:15     | 23373 ||| SWAPPING to +0 morningstar.
 23375 | D:15     | 23375 ||| INVOKING Berserk.
 23388 | D:15     | 23388 ||| SWAPPING to +5 broad axe.
 23507 | D:15     | 23507 ||| READING scroll of brand weapon.
 23507 | D:15     | 23507 ||| BRANDING +5 broad axe.
 23552 | D:15     | 23552 ||| Stepping ~*~*~tactically~*~*~ (hiding).
 23857 | D:15     | Found a portal to a secret trove of treasure.
 23927 | D:15     | 23927 ||| INVOKING Berserk.
 24073 | D:15     | 24073 ||| PLANNING ORC
 24245 | Orc:1    | Entered Level 1 of the Orcish Mines
 24364 | Orc:1    | 24364 ||| Stepping ~*~*~tactically~*~*~ (hiding).
 24365 | Orc:1    | 24365 ||| Stepping ~*~*~tactically~*~*~ (hiding).
 24367 | Orc:1    | 24367 ||| Stepping ~*~*~tactically~*~*~ (hiding).
 24370 | Orc:1    | Noticed Urug
 24373 | Orc:1    | 24373 ||| Stepping ~*~*~tactically~*~*~ (hiding).
 24376 | Orc:1    | 24376 ||| INVOKING Berserk.
 24379 | Orc:1    | Killed Urug
 24380 | Orc:1    | Reached skill level 9 in Shields
 24690 | Orc:1    | 24690 ||| Stepping ~*~*~tactically~*~*~ (hiding).
 24693 | Orc:1    | 24693 ||| Stepping ~*~*~tactically~*~*~ (hiding).
 24703 | Orc:1    | 24703 ||| Stepping ~*~*~tactically~*~*~ (hiding).
 25095 | Orc:2    | Entered Level 2 of the Orcish Mines
 25120 | Orc:2    | 25120 ||| Stepping ~*~*~tactically~*~*~ (hiding).
 25126 | Orc:2    | 25126 ||| FLEEEEING.
 25141 | Orc:2    | 25141 ||| INVOKING Trog's Hand.
 25146 | Orc:2    | 25146 ||| INVOKING Berserk.
 25175 | Orc:2    | 25175 ||| INVOKING Trog's Hand.
 25211 | Orc:2    | 25211 ||| FLEEEEING.
 25212 | Orc:2    | 25212 ||| FLEEEEING.
 25248 | Orc:2    | 25248 ||| INVOKING Trog's Hand.
 25251 | Orc:2    | 25251 ||| INVOKING Berserk.
 25271 | Orc:2    | 25271 ||| Stepping ~*~*~tactically~*~*~ (stealth).
 25299 | Orc:2    | 25299 ||| Stepping ~*~*~tactically~*~*~ (stealth).
 25342 | Orc:2    | 25342 ||| INVOKING Trog's Hand.
 25345 | Orc:2    | 25345 ||| INVOKING Berserk.
 25366 | Orc:2    | 25366 ||| Stepping ~*~*~tactically~*~*~ (stealth).
 25367 | Orc:2    | 25367 ||| Stepping ~*~*~tactically~*~*~ (stealth).
 25373 | Orc:2    | 25373 ||| Stepping ~*~*~tactically~*~*~ (stealth).
 25378 | Orc:2    | 25378 ||| Stepping ~*~*~tactically~*~*~ (stealth).
 25433 | Orc:2    | 25433 ||| Stepping ~*~*~tactically~*~*~ (stealth).
 25434 | Orc:2    | 25434 ||| Stepping ~*~*~tactically~*~*~ (stealth).
 25472 | Orc:2    | Noticed an orc warlord
 25480 | Orc:2    | 25480 ||| INVOKING Berserk.
 25492 | Orc:2    | Killed an orc warlord
 25500 | Orc:2    | 25500 ||| INVOKING Trog's Hand.
 25501 | Orc:2    | 25501 ||| INVOKING Brothers in Arms.
 25502 | Orc:2    | 25502 ||| INVOKING Brothers in Arms.
 25503 | Orc:2    | 25503 ||| INVOKING Brothers in Arms.
 25519 | Orc:2    | Found Hipod's General Store.
 25519 | Orc:2    | Found Femnu's Magic Scroll Shop.
 25576 | Orc:2    | 25576 ||| Stepping ~*~*~tactically~*~*~ (stealth).
 25656 | Orc:2    | 25656 ||| INVOKING Trog's Hand.
 25659 | Orc:2    | 25659 ||| INVOKING Berserk.
 25838 | Orc:2    | 25838 ||| INVOKING Trog's Hand.
 25841 | Orc:2    | 25841 ||| INVOKING Berserk.
 25977 | Orc:2    | 25977 ||| READING 13 scrolls of teleportation.
 26007 | Orc:2    | 26007 ||| Stepping ~*~*~tactically~*~*~ (hiding).
 26228 | Orc:2    | Found a staircase to the Elven Halls.
 26344 | Orc:2    | 26344 ||| BUYING scroll of identify (28 gold).
 26344 | Orc:2    | Bought a scroll of identify for 28 gold pieces
 26353 | Orc:2    | 26353 ||| BUYING scroll of identify (28 gold).
 26353 | Orc:2    | Bought a scroll of identify for 28 gold pieces
 26353 | Orc:2    | 26353 ||| BUYING scroll of identify (28 gold).
 26353 | Orc:2    | Bought a scroll of identify for 28 gold pieces
 26353 | Orc:2    | 26353 ||| BUYING scroll of identify (28 gold).
 26353 | Orc:2    | Bought a scroll of identify for 28 gold pieces
 26353 | Orc:2    | 26353 ||| BUYING scroll of teleportation (42 gold).
 26353 | Orc:2    | Bought a scroll of teleportation for 42 gold pieces
 26353 | Orc:2    | 26353 ||| BUYING scroll of teleportation (42 gold).
 26353 | Orc:2    | Bought a scroll of teleportation for 42 gold pieces
 26419 | Orc:2    | Found Metti Tam's Armour Emporium.
 26419 | Orc:2    | Found Kipaubef's Magic Scroll Shop.
 26434 | Orc:2    | 26434 ||| BUYING 2 scrolls of brand weapon (247 gold).
 26434 | Orc:2    | Bought 2 scrolls of brand weapon for 247 gold pieces
 26434 | Orc:2    | 26434 ||| BUYING scroll of enchant weapon (97 gold).
 26434 | Orc:2    | Bought a scroll of enchant weapon for 97 gold pieces
 26434 | Orc:2    | 26434 ||| BUYING scroll of teleportation (39 gold).
 26434 | Orc:2    | Bought a scroll of teleportation for 39 gold pieces
 26434 | Orc:2    | 26434 ||| READING 2 scrolls of brand weapon.
 26434 | Orc:2    | 26434 ||| BRANDING +5 broad axe of protection.
 26435 | Orc:2    | 26435 ||| READING scroll of brand weapon.
 26435 | Orc:2    | 26435 ||| BRANDING +5 broad axe of freezing.
 26436 | Orc:2    | 26436 ||| READING scroll of enchant weapon.
 26436 | Orc:2    | 26436 ||| ENCHANTING +5 broad axe of venom.
 26485 | Orc:2    | 26485 ||| PLANNING SHOALS:1-3
 26644 | Shoals:1 | Entered Level 1 of the Shoals
 26677 | Shoals:1 | 26677 ||| Stepping ~*~*~tactically~*~*~ (hiding).
 26706 | Shoals:1 | 26706 ||| INVOKING Berserk.
 26834 | Shoals:1 | 26834 ||| Stepping ~*~*~tactically~*~*~ (hiding).
 26835 | Shoals:1 | 26835 ||| Stepping ~*~*~tactically~*~*~ (hiding).
 26837 | Shoals:1 | 26837 ||| Stepping ~*~*~tactically~*~*~ (hiding).
 26837 | Shoals:1 | Noticed a kraken
 26847 | Shoals:1 | Killed a kraken
 26898 | Shoals:1 | Reached skill level 12 in Shields
 26944 | Shoals:1 | 26944 ||| Stepping ~*~*~tactically~*~*~ (hiding).
 26948 | Shoals:1 | 26948 ||| Stepping ~*~*~tactically~*~*~ (hiding).
 27075 | Shoals:1 | Received a gift from Trog
 27090 | Shoals:1 | 27090 ||| Stepping ~*~*~tactically~*~*~ (hiding).
 27096 | Shoals:1 | 27096 ||| INVOKING Berserk.
 27332 | Shoals:1 | Identified the +3 scale mail of Stoicism {Regen+ Int+6
                  | Stlth-}
 27341 | Shoals:1 | 27341 ||| INVOKING Berserk.
 27721 | Shoals:1 | 27721 ||| DROPPING +6 ring of dexterity.
 27735 | Shoals:2 | Noticed Ilsuiw
 27735 | Shoals:2 | 27735 ||| INVOKING Brothers in Arms.
 27756 | Shoals:2 | 27756 ||| INVOKING Berserk.
 27772 | Shoals:2 | Killed Ilsuiw
 27908 | Shoals:2 | 27908 ||| Stepping ~*~*~tactically~*~*~ (hiding).
 27910 | Shoals:2 | 27910 ||| Stepping ~*~*~tactically~*~*~ (hiding).
 27912 | Shoals:2 | 27912 ||| INVOKING Berserk.
 28033 | Shoals:2 | 28033 ||| READING scroll of enchant weapon.
 28033 | Shoals:2 | 28033 ||| ENCHANTING +6 broad axe of venom.
 28168 | Shoals:2 | Identified the +2 leather armour of Recklessness {Dex+4}
 28191 | Shoals:2 | 28191 ||| INVOKING Trog's Hand.
 28202 | Shoals:2 | 28202 ||| INVOKING Berserk.
 28283 | Shoals:2 | 28283 ||| Stepping ~*~*~tactically~*~*~ (hiding).
 28284 | Shoals:2 | 28284 ||| Stepping ~*~*~tactically~*~*~ (hiding).
 28286 | Shoals:2 | 28286 ||| Stepping ~*~*~tactically~*~*~ (hiding).
 28386 | Shoals:2 | 28386 ||| Stepping ~*~*~tactically~*~*~ (hiding).
 28593 | Shoals:2 | Noticed Mlioglotl
 28596 | Shoals:2 | 28596 ||| INVOKING Berserk.
 28602 | Shoals:2 | Killed Mlioglotl
 28603 | Shoals:2 | Reached XP level 16. HP: 157/157 MP: 16/16
 28757 | Shoals:2 | 28757 ||| INVOKING Berserk.
 28910 | Shoals:3 | 28910 ||| Stepping ~*~*~tactically~*~*~ (hiding).
 28916 | Shoals:3 | 28916 ||| INVOKING Berserk.
 29105 | Shoals:3 | 29105 ||| Stepping ~*~*~tactically~*~*~ (hiding).
 29106 | Shoals:3 | 29106 ||| Stepping ~*~*~tactically~*~*~ (hiding).
 29107 | Shoals:3 | 29107 ||| Stepping ~*~*~tactically~*~*~ (hiding).
 29133 | Shoals:3 | 29133 ||| INVOKING Trog's Hand.
 29143 | Shoals:3 | 29143 ||| Stepping ~*~*~tactically~*~*~ (hiding).
 29382 | Shoals:3 | 29382 ||| INVOKING Berserk.
 29393 | Shoals:3 | Reached skill level 15 in Shields
 29394 | Shoals:3 | 29394 ||| INVOKING Brothers in Arms.
 29535 | Shoals:3 | 29535 ||| Stepping ~*~*~tactically~*~*~ (stealth).
 29537 | Shoals:3 | 29537 ||| INVOKING Berserk.
 29683 | Shoals:3 | 29683 ||| INVOKING Berserk.
 29806 | Shoals:3 | 29806 ||| READING scroll of enchant weapon.
 29806 | Shoals:3 | 29806 ||| ENCHANTING +7 broad axe of venom.
 29845 | Shoals:3 | 29845 ||| Stepping ~*~*~tactically~*~*~ (hiding).
 29848 | Shoals:3 | 29848 ||| Stepping ~*~*~tactically~*~*~ (hiding).
 29849 | Shoals:3 | 29849 ||| Stepping ~*~*~tactically~*~*~ (hiding).
 29850 | Shoals:3 | 29850 ||| Stepping ~*~*~tactically~*~*~ (hiding).
 29851 | Shoals:3 | 29851 ||| Stepping ~*~*~tactically~*~*~ (hiding).
 29853 | Shoals:3 | 29853 ||| Stepping ~*~*~tactically~*~*~ (hiding).
 29854 | Shoals:3 | 29854 ||| Stepping ~*~*~tactically~*~*~ (hiding).
 29858 | Shoals:3 | 29858 ||| INVOKING Trog's Hand.
 29861 | Shoals:3 | 29861 ||| Stepping ~*~*~tactically~*~*~ (hiding).
 29863 | Shoals:3 | 29863 ||| INVOKING Berserk.
 29874 | Shoals:3 | 29874 ||| Stepping ~*~*~tactically~*~*~ (water).
 29950 | Shoals:3 | 29950 ||| INVOKING Trog's Hand.
 29977 | Shoals:3 | Reached skill level 18 in Axes
 30025 | Shoals:3 | 30025 ||| READING scroll of enchant weapon.
 30025 | Shoals:3 | 30025 ||| ENCHANTING +8 broad axe of venom.
 30091 | Shoals:3 | Found Acroch's Book Boutique.
 30109 | Shoals:3 | 30109 ||| INVOKING Trog's Hand.
 30147 | Shoals:3 | 30147 ||| PLANNING SPIDER:1-3
 30163 | Shoals:3 | 30163 ||| INVOKING Trog's Hand.
 30169 | Shoals:3 | 30169 ||| INVOKING Berserk.
 30363 | Spider:1 | Entered Level 1 of the Spider Nest
 30430 | Spider:1 | 30430 ||| Stepping ~*~*~tactically~*~*~ (stealth).
 30511 | Spider:1 | 30511 ||| INVOKING Berserk.
 30539 | Spider:1 | 30539 ||| Stepping ~*~*~tactically~*~*~ (stealth).
 30571 | Spider:1 | 30571 ||| Stepping ~*~*~tactically~*~*~ (stealth).
 30619 | Spider:1 | 30619 ||| Stepping ~*~*~tactically~*~*~ (stealth).
 30624 | Spider:1 | 30624 ||| Stepping ~*~*~tactically~*~*~ (hiding).
 30625 | Spider:1 | 30625 ||| INVOKING Berserk.
 30645 | Spider:1 | 30645 ||| Stepping ~*~*~tactically~*~*~ (stealth).
 30732 | Spider:1 | 30732 ||| Stepping ~*~*~tactically~*~*~ (stealth).
 30750 | Spider:1 | 30750 ||| Stepping ~*~*~tactically~*~*~ (hiding).
 30754 | Spider:1 | 30754 ||| INVOKING Brothers in Arms.
 30755 | Spider:1 | 30755 ||| INVOKING Brothers in Arms.
 30786 | Spider:1 | 30786 ||| Stepping ~*~*~tactically~*~*~ (water).
 30847 | Spider:1 | 30847 ||| Stepping ~*~*~tactically~*~*~ (stealth).
 30869 | Spider:1 | 30869 ||| Stepping ~*~*~tactically~*~*~ (stealth).
 30870 | Spider:1 | 30870 ||| Stepping ~*~*~tactically~*~*~ (stealth).
 30990 | Spider:1 | 30990 ||| Stepping ~*~*~tactically~*~*~ (stealth).
 30991 | Spider:1 | 30991 ||| Stepping ~*~*~tactically~*~*~ (stealth).
 31110 | Spider:1 | 31110 ||| Stepping ~*~*~tactically~*~*~ (stealth).
 31115 | Spider:1 | 31115 ||| DRINKING 21 potions of curing.
 31115 | Spider:1 | 31115 ||| (to cure confusion)
 31116 | Spider:1 | 31116 ||| DRINKING 20 potions of curing.
 31116 | Spider:1 | 31116 ||| (to cure confusion)
 31195 | Spider:1 | 31195 ||| INVOKING Berserk.
 31324 | Spider:1 | 31324 ||| READING scroll of brand weapon.
 31324 | Spider:1 | 31324 ||| BRANDING +9 broad axe of venom.
 31677 | Spider:1 | 31677 ||| Stepping ~*~*~tactically~*~*~ (stealth).
 31678 | Spider:1 | 31678 ||| Stepping ~*~*~tactically~*~*~ (stealth).
 31692 | Spider:1 | 31692 ||| Stepping ~*~*~tactically~*~*~ (stealth).
 31705 | Spider:1 | 31705 ||| DRINKING 19 potions of curing.
 31705 | Spider:1 | 31705 ||| (to cure confusion)
 31935 | Spider:2 | 31935 ||| Stepping ~*~*~tactically~*~*~ (hiding).
 31936 | Spider:2 | 31936 ||| Stepping ~*~*~tactically~*~*~ (hiding).
 31941 | Spider:2 | 31941 ||| INVOKING Brothers in Arms.
 31958 | Spider:2 | 31958 ||| INVOKING Berserk.
 32119 | Spider:2 | You fall into a shaft and drop 1 floor!
 32130 | Spider:3 | 32130 ||| INVOKING Berserk.
 32229 | Spider:2 | 32229 ||| INVOKING Brothers in Arms.
 32242 | Spider:2 | 32242 ||| INVOKING Berserk.
 32269 | Spider:2 | Reached skill level 18 in Shields
 32277 | Spider:2 | Reached XP level 17. HP: 163/163 MP: 6/17
 32287 | Spider:2 | 32287 ||| INVOKING Brothers in Arms.
 32289 | Spider:2 | HP: 29/163 [wolf spider simulacrum (14)]
 32289 | Spider:2 | HP: 12/163 [wolf spider simulacrum (3)]
 32290 | Spider:2 | 32290 ||| READING 16 scrolls of teleportation.
 32290 | Spider:2 | Slain by a boulder beetle

Levels and vault maps discovered:
D:1:      spicycebolla_arrival_transporter_tutorial, layout_basic,
          dreamdust_princess_corridor
D:2:      layout_rooms, shapermc_ecumenical_altar_ellora,
          kennysheep_generic_room_16, uniq_terence, uniq_natasha
D:3:      layout_loops_corners, serial_rivers, chequers_serial_rivers_room_a,
          chequers_serial_rivers_small_b, chequers_serial_rivers_room_b,
          chequers_serial_rivers_small_3, uniq_grinder
D:4:      layout_rooms, ebering_ghost_reflecting_pool, serial_bayou_ford_a,
          minmay_misc_feat_more_columns, uniq_menkaure
D:5:      layout_loops_ring, serial_bayou_pond_d, uniq_ijyb, uniq_eustachio
D:6:      layout_rooms, mainiacjoe_overflow_boulevard, enter_ossuary_1
D:7:      layout_rooms, minmay_temple_entry_sparse_star, serial_corexii_hall,
          chequers_hall_statues_y, corexii_hall_statues_u
D:8:      layout_basic, chequers_guarded_unrand_ignorance
D:9:      layout_basic, hex_large, grunt_decor_mini_mirrors,
          chequers_serial_rivers_small_b, minivault_4, solitary_fountain
D:10:     minmay_distorted_concentric_squares, layout_long_grid,
          minmay_orc_entry_temple_small, gammafunk_ghost_spectres
D:11:     layout_roguey, erik_lair_orcish_takeover, okawaru_trees_1
D:12:     layout_stronghold, nzn_hepliaklqana_mist_gate, uniq_jorgrun,
          uniq_kirke
D:13:     layout_loops_ring, david_vaults_5, hellmonk_guarded_unrand_night
D:14:     layout_long_grid, hangedman_abyss_or_decor_slice,
          lightli_corner_chamber
D:15:     hangedman_depths_entry_civil_slaughter, layout_irregular_city,
          nicolae_trove_entry_columns, uniq_rupert
Lair:1:   layout_layer_cave, special_room [special_room_bee], grunt_megastairs_4
Lair:2:   layout_gridlike, elwin_shoals_entry_rocks, spider_nest_entry_rubble
Lair:3:   layout_cave_pods, nicolae_quartered_pool_impasse
Lair:4:   layout_layer_cave, slime_entry_1, serial_forest,
          infiniplex_forest_clump_medium, infiniplex_forest_clump_cross,
          infiniplex_forest_lined_2, infiniplex_forest_lined_2,
          infiniplex_forest_straight_2, infiniplex_forest_lined_2,
          infiniplex_forest_lined_3, infiniplex_forest_lined_room_2,
          hangedman_lair_generics_rect, serial_bayou_shore_a
Lair:5:   gammafunk_lair_ancient_temple, layout_cave_pods
Shoals:1: layout_shoals
Shoals:2: layout_shoals, nicolae_shoals_spring_well_temple, uniq_ilsuiw,
          uniq_mlioglotl
Shoals:3: layout_shoals, serial_shops, shop, nicolae_shoals_water_booths
Spider:1: layout_spider_delve, hangedman_spider_tarantella_strand
Spider:2: layout_chambers
Spider:3: layout_spider_delve, drop_trap
Orc:1:    layout_diamond_mine, rock_pile, uniq_urug
Orc:2:    st_orc_town, layout_caves, guppyfry_library_mini

Skill      XL: |  1  2  3  4  5  6  7  8  9 10 11 12 13 14 15 16 |
---------------+-------------------------------------------------+-----
Axes           | 4 5 6 7 8 10 12 14 16 18 | 18.0
Fighting       | 6 7 8 9 12 15 16 18 | 18.0
Armour         | 3 5 6 8 11 12 15 16 | 16.9
Throwing       | 1 2 6 9 |  9.2
Dodging        | 3 4 5 6 |  6.2
Shields        | 5 14 18 | 18.6

Action                   |  1- 3 |  4- 6 |  7- 9 | 10-12 | 13-15 | 16-18 || total
-------------------------+-------+-------+-------+-------+-------+-------++-------
Melee: Hand axe          |    62 |    98 |    42 |       |       |       ||   202
       Headbutt          |     8 |    11 |    41 |    59 |   161 |    57 ||   337
       War axe           |       |       |   190 |   403 |   310 |       ||   903
       Punch             |       |       |     1 |     6 |     6 |       ||    13
       Morningstar       |       |       |       |    19 |    21 |       ||    40
       Broad axe         |       |       |       |       |   447 |   352 ||   799
Throw: Boomerang         |       |       |    42 |    89 |    49 |     2 ||   182
       Javelin           |       |       |       |     6 |   128 |    29 ||   163
Invok: Berserk           |     1 |     3 |    13 |    14 |    38 |    13 ||    82
       Trog's Hand       |       |     2 |       |       |    14 |     5 ||    21
       Brothers in Arms  |       |       |       |     3 |     6 |     5 ||    14
  Use: Scroll            |     2 |     5 |    13 |     9 |    14 |     4 ||    47
       Potion            |     2 |     1 |     3 |       |     2 |     3 ||    11
 Stab: Distracted        |       |       |       |     1 |       |     1 ||     2
Armor: Animal skin       |     6 |       |       |       |       |       ||     6
       Chain mail        |     3 |    45 |   110 |    34 |       |       ||   192
       Plate armour      |       |       |       |   220 |   441 |   263 ||   924
Dodge: Dodged            |    34 |    32 |    87 |   144 |   203 |   109 ||   609
Block: Tower shield      |       |       |       |       |   294 |   330 ||   624

Table legend:
 A = Non-vault XP
 B = Vault XP
 C = Vault XP percentage of total XP
 D = Non-vault monster count
 E = Vault monster count
 F = Vault count percentage of total count
                 A         B        C        D         E       F
            +---------+---------+-------+---------+---------+-------
      Total |  169451 |   51214 |  23.2 |     634 |     220 |  25.8
            +---------+---------+-------+---------+---------+-------
        D:1 |      42 |       0 |   0.0 |      27 |       0 |   0.0
        D:2 |      99 |      73 |  42.4 |      16 |       3 |  15.8
        D:3 |     188 |     304 |  61.8 |      13 |       1 |   7.1
        D:4 |     193 |     165 |  46.1 |      15 |       1 |   6.2
        D:5 |     941 |     240 |  20.3 |      19 |       2 |   9.5
        D:6 |     572 |       0 |   0.0 |      16 |       0 |   0.0
        D:7 |     556 |       0 |   0.0 |      15 |       0 |   0.0
        D:8 |    2337 |       0 |   0.0 |      28 |       0 |   0.0
        D:9 |    4876 |       0 |   0.0 |      43 |       0 |   0.0
       D:10 |    3008 |    1482 |  33.0 |      17 |      20 |  54.1
       D:11 |    4947 |     612 |  11.0 |      15 |       8 |  34.8
       D:12 |    4917 |    4831 |  49.6 |      20 |       9 |  31.0
       D:13 |    5090 |    5697 |  52.8 |      12 |      11 |  47.8
       D:14 |    4973 |       0 |   0.0 |       9 |       0 |   0.0
       D:15 |    7845 |    6288 |  44.5 |      15 |       7 |  31.8
     Lair:1 |    5428 |    2218 |  29.0 |      19 |      26 |  57.8
     Lair:2 |    3859 |     277 |   6.7 |      12 |       1 |   7.7
     Lair:3 |   11662 |       0 |   0.0 |      40 |       0 |   0.0
     Lair:4 |    1888 |    3869 |  67.2 |       6 |       7 |  53.8
     Lair:5 |   16062 |    8584 |  34.8 |      36 |      20 |  35.7
   Shoals:1 |   11475 |       0 |   0.0 |      21 |       0 |   0.0
   Shoals:2 |   11944 |    5757 |  32.5 |      27 |       8 |  22.9
   Shoals:3 |   22919 |    2125 |   8.5 |      40 |       3 |   7.0
   Spider:1 |   15134 |     277 |   1.8 |      48 |       1 |   2.0
   Spider:2 |   19338 |       0 |   0.0 |      44 |       0 |   0.0
   Spider:3 |    4925 |       0 |   0.0 |       9 |       0 |   0.0
      Orc:1 |     394 |    1633 |  80.6 |      14 |       6 |  30.0
      Orc:2 |    3839 |    6554 |  63.1 |      38 |      73 |  65.8
    Ossuary |       0 |     228 | 100.0 |       0 |      13 | 100.0
            +---------+---------+-------+---------+---------+-------
